 Dungeon Crawl Stone Soup version 0.22.1-1-ga44c0e5 (webtiles) character file.

169 Retroman000 the Caller (level 5, -2/28 HPs)
             Began as a Kobold Summoner on Nov 5, 2018.
             Was a Follower of Nemelex Xobeh.
             Slain by an adder (3 damage)
             ... on level 4 of the Dungeon.
             The game lasted 00:23:13 (3800 turns).

Retroman000 the Caller (Kobold Summoner)            Turns: 3800, Time: 00:23:16

Health: -2/28      AC:  4    Str:  5    XL:     5   Next: 79%
Magic:  9/9        EV: 14    Int: 18    God:    Nemelex Xobeh [*.....]
Gold:   223        SH:  0    Dex: 15    Spells: 6/10 levels left

rFire    . . .     SeeInvis .   B - +1 spear
rCold    . . .     Gourm    .   (shield restricted)
rNeg     . . .     Faith    .   i - +1 leather armour
rPois    .         Spirit   .   (no helmet)
rElec    .         Reflect  .   (no cloak)
rCorr    .         Harm     .   (no gloves)
MR       .....                  (no boots)
Stlth    ++........             j - amulet of regeneration
HPRegen  0.49/turn              (no ring)
MPRegen  0.11/turn              (no ring)

@: lethally poisoned (-2 -> -4), very slightly contaminated
A: small, carnivore
a: Renounce Religion


You were on level 4 of the Dungeon.
You worshipped Nemelex Xobeh.
Nemelex Xobeh was aware of your devotion.
You were very full.

You visited 1 branch of the dungeon, and saw 5 of its levels.

You collected 223 gold pieces.

Inventory:

Hand Weapons
 m - a +1 dagger of protection
 u - a +0 blowgun
 B - a +1 spear (weapon)
Missiles
 g - 37 bolts
 v - 2 poisoned needles
Armour
 a - a +0 robe
 i - a +1 leather armour (worn)
Jewellery
 j - an amulet of regeneration (around neck)
 A - an uncursed amulet of guardian spirit {unknown}
Wands
 t - a wand of digging (5)
Scrolls
 e - 5 scrolls of teleportation {unknown}
 f - a scroll of fear
 h - 3 scrolls of remove curse
 l - a scroll of amnesia
 p - a scroll of immolation
Potions
 b - a potion of might {unknown}
 k - a potion of berserk rage {unknown}
 r - a potion of resistance {unknown}
 s - a potion of flight {unknown}
 x - a potion of lignification {unknown}
 z - a potion of degeneration {unknown}
Comestibles
 c - 9 rations


   Skills:
 + Level 0.5 Fighting
 + Level 3.0 Short Blades
 + Level 1.0 Armour
 + Level 3.0 Dodging
 + Level 3.5 Stealth
 + Level 3.2 Spellcasting
 + Level 4.7 Summonings


You had 6 spell levels left.
You knew the following spells:

 Your Spells              Type           Power        Failure   Level  Hunger
a - Summon Small Mammal   Summ           ###.         3%          1    None
b - Call Canine Familiar  Summ           ###.....     11%         3    ###....

Your spell library contained the following spells:

 Spells                   Type           Power        Failure   Level  Hunger
 Call Imp                 Summ           ###.....     5%          2    ##.....
 Summon Guardian Golem    Hex/Summ       ##......     28%         3    ###....
 Summon Ice Beast         Ice/Summ       ##......     67%         4    ####...
 Summon Lightning Spire   Summ/Air       ##......     67%         4    ####...


Dungeon Overview and Level Annotations

Branches:
Dungeon (5/15)
 Temple: D:4-7

Altars:
Elyvilon
Hepliaklqana
Makhleb
Nemelex Xobeh
Vehumet
Xom


Innate Abilities, Weirdness & Mutations

You are small and have problems with some larger weapons.
You are carnivorous and can eat meat at any time.


Message History

Okay, then.
You hit the adder.
The adder is heavily wounded.
You feel sick. The adder misses you. x2
You barely miss the adder.
The adder is moderately wounded.
You feel sick. The adder completely misses you. The adder closely misses you.
You miss the adder.
The adder is moderately wounded.
You feel sick. The adder bites you.
* * * LOW HITPOINT WARNING * * *
You are lethally poisoned!
The adder poisons you! The adder completely misses you.
You hit the adder.
The adder is severely wounded.
* * * LOW HITPOINT WARNING * * *
You feel sick. The adder completely misses you. The adder closely misses you.
The adder bites you.
You die...
Your body disappears without a glow.

*,.............o...#**
**,.......#.So######
*,.....o.#...#
**,......#...#
**,..#..#...#
**,#..##.o.#
*##..##.a.#
###oS.#...#
#@S#...ho.#
######.o.o# ###..#*
##..#* ##..#*****
*#..#*,,* *#...,,,
*#..,,, *,,,,,


You could see 2 adders and an orc.

Vanquished Creatures
  Ijyb (D:3)
  2 worker ants
  2 oozes
  2 worms
  6 dart slugs
  3 orcs
  A ball python (D:3)
  3 goblins
  3 hobgoblins
  5 kobolds
  A quokka (D:2)
  2 bats
  4 frilled lizards
  3 rats
38 creatures vanquished.

Vanquished Creatures (collateral kills)
  Jessica (D:3)
  A worker ant (D:5)
  An adder (D:2)
  A shadow imp (D:5)
  3 worms (D:2)
  4 dart slugs (D:3)
  2 orcs (D:3)
  A goblin (D:1)
  2 hobgoblins
  4 kobolds
  3 rats
23 creatures vanquished.

Grand Total: 61 creatures vanquished

Notes
Turn   | Place    | Note
-------+----------+-------------------------------------------
     0 | D:1      | Retroman000 the Kobold Summoner began the quest for the
                  | Orb.
     0 | D:1      | Reached XP level 1. HP: 10/10 MP: 3/3
   388 | D:1      | Reached XP level 2. HP: 15/15 MP: 5/5
  1104 | D:2      | Reached skill level 1 in Short Blades
  1135 | D:2      | Reached XP level 3. HP: 19/19 MP: 6/6
  1140 | D:2      | Learned a level 3 spell: Call Canine Familiar
  1142 | D:2      | Found a sparkling altar of Nemelex Xobeh.
  1154 | D:2      | Became a worshipper of Nemelex Xobeh the Trickster
  1198 | D:2      | Found a hazy altar of Hepliaklqana.
  1199 | D:2      | Found a shimmering altar of Xom.
  1199 | D:2      | Noticed a boggart
  1200 | D:2      | Noticed a spectral ugly thing
  1200 | D:2      | Noticed a boggart
  1729 | D:2      | Received a gift from Nemelex Xobeh
  2181 | D:2      | Found a radiant altar of Vehumet.
  2181 | D:2      | Found a burning altar of Makhleb.
  2325 | D:2      | Reached XP level 4. HP: 24/24 MP: 8/8
  2602 | D:3      | Noticed Ijyb
  2627 | D:3      | Killed Ijyb
  2641 | D:3      | Reached * piety under Nemelex Xobeh
  2689 | D:3      | Found a white marble altar of Elyvilon.
  3214 | D:3      | Noticed Jessica
  3225 | D:3      | Killed Jessica
  3225 | D:3      | Reached XP level 5. HP: 28/28 MP: 5/9
  3509 | D:5      | Entered Level 5 of the Dungeon
  3642 | D:5      | Reached skill level 1 in Armour
  3694 | D:5      | Noticed a sky beast
  3800 | D:4      | HP: 1/28 [poisoned by an adder]
  3800 | D:4      | Slain by an adder

Skill      XL: |  1  2  3  4  5 |
---------------+----------------+-----
Short Blades   | 1 2 3 |  3.0
Stealth        | 3 |  3.5
Spellcasting   | 3 |  3.2
Armour         | 1 |  1.0
Dodging        | 3 |  3.0
Fighting       | |  0.5
Summonings     | |  4.7

Action                   |  1- 3 |  4- 6 || total
-------------------------+-------+-------++-------
Melee: Club              |    13 |       ||    13
       Dagger            |   162 |    56 ||   218
       Spear             |       |    43 ||    43
 Cast: Summon Small Mamm |    16 |     7 ||    23
       Call Canine Famil |     3 |    11 ||    14
Evoke: Deck              |       |    12 ||    12
  Use: Scroll            |       |     9 ||     9
 Stab: Sleeping          |     4 |     6 ||    10
       Distracted        |       |     1 ||     1
  Eat: Chunk             |    13 |     6 ||    19
Armor: Leather armour    |    54 |    23 ||    77
       Robe              |     1 |       ||     1
Dodge: Dodged            |   106 |   100 ||   206
